 Dungeon Crawl Stone Soup version 0.26-a0-259-g1effd001a9 (webtiles) character file.

Game seed: 6545672967212256912

429 mortelune the Chopper (level 7, -3/56 HPs)
             Began as a Formicid Abyssal Knight on July 11, 2020.
             Was a Believer of Lugonu.
             Slain by a wyvern zombie (6 damage)
             ... in an ossuary.
             The game lasted 00:09:21 (6553 turns).

mortelune the Chopper (Formicid Abyssal Knight)     Turns: 6553, Time: 00:09:21

Health: -3/56      AC:  4    Str: 17 (18) XL:     7   Next: 19%
Magic:  8/8        EV:  6    Int:  9 (11) God:    Lugonu [**....]
Gold:   195        SH:  7    Dex: 13      Spells: 6/6 levels left

rFire    . . .     SeeInvis +   a - +1 hand axe
rCold    . . .     Faith    .   A - +0 kite shield
rNeg     . . .     Spirit   .   y - +0 scale mail
rPois    .         Reflect  .   (helmet unavailable)
rElec    .         Harm     .   (no cloak)
rCorr    .                      (no gloves)
MR       .....                  (no boots)
Stlth    ..........             (no amulet)
HPRegen  0.18/turn              (no ring)
MPRegen  0.11/turn              (no ring)

@: mighty, stab
A: permanent stasis, dig shafts and tunnels, four strong arms, antennae 3, agile
1, deformed body
a: Dig, Shaft Self, Depart the Abyss, Bend Space, Renounce Religion


You were in an ossuary.
You worshipped Lugonu.
Lugonu was pleased with you.
You were not hungry.

You visited 1 branch of the dungeon, and saw 4 of its levels.
You visited the Abyss 1 time.
You also visited: Ossuary.

You collected 195 gold pieces.

Inventory:

Hand Weapons
 a - a +1 hand axe (weapon)
 b - a +0 hunting sling
Missiles
 u - 7 javelins (quivered)
 w - 7 boomerangs
 Q - 96 stones
Armour
 i - a +0 ring mail
 l - a +0 leather armour
 y - a +0 scale mail (worn)
 A - a +0 kite shield (worn)
Jewellery
 h - an uncursed amulet of magic regeneration
 j - an uncursed ring of see invisible {unknown}
 k - an uncursed ring of poison resistance {unknown}
Scrolls
 e - 2 scrolls of remove curse
 o - a scroll of enchant weapon {unknown}
 p - 3 scrolls of identify {unknown}
 q - a scroll of magic mapping
 t - a scroll of teleportation
 B - 2 scrolls of amnesia
Potions
 g - 2 potions of haste
 m - a potion of degeneration
 n - a potion of brilliance
 v - a potion of might
 x - a potion of stabbing
Comestibles
 c - 11 rations


   Skills:
 + Level 5.0 Fighting
 * Level 5.2 Axes
 + Level 4.3 Armour
 - Level 0.9 Dodging
 - Level 2.2 Invocations


You had 6 spell levels left.
You didn't know any spells.
Your spell library was empty.

Dungeon Overview and Level Annotations

Branches:
Dungeon (4/15)            Ossuary (1/1)
 Temple: D:4-7

Altars:
Fedhas
Makhleb
Xom


Innate Abilities, Weirdness & Mutations

You cannot be hasted, slowed, berserked, paralysed or teleported.
You can dig through walls and to a lower floor.
Your four strong arms can wield two-handed weapons with a shield.
You have a pair of large antennae on your head. (SInv)
You are agile. (Dex +2)
Armour fits poorly on your strangely shaped body.


Message History

There is a gate leading back out of this place here.
You aren't carrying any items that you can evoke.
It was a potion of stabbing.
You feel ready to backstab.
It was a potion of might.
You feel very mighty all of a sudden.
It was a potion of mutation.
You feel extremely strange.
Your body twists and deforms.
You feel agile.
You hit the wyvern zombie.
The wyvern zombie is lightly damaged.
You slash the mummy!
The wyvern zombie bites you but does no damage.
You slash the wyvern zombie!
The wyvern zombie is moderately damaged.
You hit the mummy. The wyvern zombie bites you!
* * * LOW HITPOINT WARNING * * *
The mummy hits you!
* * * LOW HITPOINT WARNING * * *
The wyvern zombie bites you.
You die...

{ {
+#+# {
{.≈≈ {
##≈##
{
#...#
{
#ZM.#
{#@..#
#####
{ { {


You could see a mummy and a wyvern zombie.

Vanquished Creatures
  A crimson imp (D:4)
  A human skeleton (D:4)
  2 iguanas (D:4)
  3 worker ants (D:4)
  A hound zombie (Ossuary)
  7 gnolls
  7 adders
  An adder skeleton (D:4)
  4 worms
  2 dart slugs
  2 leopard geckos
  4 orcs
  2 ball pythons
  5 giant cockroaches
  7 goblins
  12 hobgoblins
  A quokka (D:2)
  7 bats
  A jackal skeleton (D:4)
  7 kobolds
  An orc skeleton (D:4)
  8 rats
86 creatures vanquished.

Vanquished Creatures (others)
  4 withered plants (Ossuary)
4 creatures vanquished.

Grand Total: 90 creatures vanquished

Notes
Turn   | Place    | Note
-------+----------+-------------------------------------------
     0 | Abyss:1  | mortelune the Formicid Abyssal Knight began the quest for
                  | the Orb.
     0 | Abyss:1  | Reached XP level 1. HP: 18/18 MP: 2/2
   105 | Abyss:1  | Found a corrupted altar of Lugonu.
   231 | Abyss:1  | Noticed a titan simulacrum
   232 | D:1      | Escaped the Abyss
   688 | D:1      | Reached XP level 2. HP: 23/24 MP: 3/3
   723 | D:1      | Reached * piety under Lugonu
  1194 | D:1      | Reached XP level 3. HP: 29/29 MP: 4/4
  1925 | D:1      | Reached XP level 4. HP: 32/37 MP: 5/5
  2890 | D:2      | Reached XP level 5. HP: 31/42 MP: 6/6
  4280 | D:3      | Reached ** piety under Lugonu
  5108 | D:3      | Reached XP level 6. HP: 37/49 MP: 7/7
  5340 | D:3      | Found a blossoming altar of Fedhas.
  5363 | D:3      | Found a faded altar of an unknown god.
  6165 | D:4      | Found a burning altar of Makhleb.
  6165 | D:4      | Found a shimmering altar of Xom.
  6380 | D:4      | Reached skill level 5 in Axes
  6380 | D:4      | Reached XP level 7. HP: 26/55 MP: 8/8
  6473 | D:4      | Reached skill level 5 in Fighting
  6482 | D:4      | Found a sand-covered staircase.
  6488 | Ossuary  | Entered an ossuary
  6551 | Ossuary  | Gained mutation: Armour fits poorly on your strangely
                  | shaped body. [potion of mutation]
  6551 | Ossuary  | Gained mutation: You are agile. (Dex +2) [potion of
                  | mutation]
  6553 | Ossuary  | Slain by a wyvern zombie

Illustrated notes

Levels and vault maps discovered:
D:1:      tarquinn_simple_flora_water_f, layout_loops_cross
D:2:      layout_loops_ring
D:3:      layout_basic, fedhas_altar_3, chequers_ecumenical_altar_twisty,
          first_ration
D:4:      layout_basic, grunt_temple_overflow_champion_of_chaos,
          nicolae_ossuary_entry_catacombs
Ossuary:  ossuary_zaba_flooded

Skill      XL: |  1  2  3  4  5  6  7 |
---------------+----------------------+-----
Axes           | 3 4 5 |  5.2
Armour         | 3 4 |  4.3
Fighting       | 4 5 |  5.0
Dodging        | |  0.9
Invocations    | |  2.2

Action                   |  1- 3 |  4- 6 |  7- 9 || total
-------------------------+-------+-------+-------++-------
Melee: Hand axe          |    79 |   302 |    39 ||   420
 Fire: Hunting sling     |       |    22 |       ||    22
Invok: Depart the Abyss  |     1 |       |       ||     1
  Use: Potion            |       |     9 |     3 ||    12
       Scroll            |       |     7 |       ||     7
 Stab: Invisible         |       |     1 |       ||     1
  Eat: Ration            |     1 |     4 |       ||     5
Armor: Leather armour    |    25 |    42 |       ||    67
       Skin              |       |     4 |       ||     4
       Scale mail        |       |    42 |    15 ||    57
Dodge: Dodged            |    52 |   164 |     5 ||   221
Block: Kite shield       |       |    26 |    14 ||    40

Table legend:
 A = Non-vault XP
 B = Vault XP
 C = Vault XP percentage of total XP
 D = Non-vault monster count
 E = Vault monster count
 F = Vault count percentage of total count
                 A         B        C        D         E       F
            +---------+---------+-------+---------+---------+-------
      Total |     505 |     108 |  17.6 |      82 |       4 |   4.7
            +---------+---------+-------+---------+---------+-------
        D:1 |      70 |       0 |   0.0 |      26 |       0 |   0.0
        D:2 |     143 |       0 |   0.0 |      25 |       0 |   0.0
        D:3 |      77 |       0 |   0.0 |      20 |       0 |   0.0
        D:4 |     215 |      88 |  29.0 |      11 |       3 |  21.4
    Ossuary |       0 |      20 | 100.0 |       0 |       1 | 100.0
            +---------+---------+-------+---------+---------+-------
